[Event "10th Iberoamericano-ch 2024"]
[Site "Linares"]
[Date "2024.09.27"]
[Round "4.31"]
[White "Aragon Trujillo, Ricardo M."]
[Black "Domingo Nunez, Alejandro"]
[Result "0-1"]
[ECO "B06"]
[WhiteElo "2057"]
[BlackElo "2328"]
[Annotator "RC"]
[PlyCount "62"]
[EventDate "2024.09.25"]
[EventType "swiss"]
[EventCountry "ESP"]
[SourceTitle "playchess.com"]
[Source "ChessBase"]
[SourceQuality "1"]
[TimeControl "5400+30"]

1. e4 g6 2. d4 Bg7 3. Nf3 c6 4. c4 d6 5. Nc3 Nd7 6. Be2 e5 7. d5 c5 8. O-O Ne7 9. Be3 O-O 10. Qc1 f5 11. Ng5 Nf6 12. f4 Nxe4 13. Ncxe4 fxe4 14. fxe5 Nf5 15. Bf4 Nd4 16. Bd1 dxe5 17. Be3 Rxf1+ 18. Kxf1 Qf6+ 19. Kg1 Bf5 20. g4 h6 21. Nh3 Bd7 22. Nf2 Nf3+ 23. Bxf3 Qxf3 24. Bxc5 b6 25. Be3 Rf8 26. a4 Qe2 27. Ra3 Rf3 28. a5 Bf8 29. axb6 axb6 30. Rc3 Bb4 31. Rb3 Be1 0-1

[Event "10th Iberoamericano-ch 2024"]
[Site "Linares"]
[Date "2024.09.27"]
[Round "4.32"]
[White "Ticona Rocabado, Licael Roderick"]
[Black "Rodriguez Lopez, Rafael"]
[Result "0-1"]
[ECO "E10"]
[WhiteElo "2321"]
[BlackElo "2162"]
[Annotator "RC"]
[PlyCount "76"]
[EventDate "2024.09.25"]
[EventType "swiss"]
[EventCountry "ESP"]
[SourceTitle "playchess.com"]
[Source "ChessBase"]
[SourceQuality "1"]
[TimeControl "5400+30"]

1. d4 Nf6 2. c4 e6 3. Nf3 d5 4. e3 Be7 5. b3 O-O 6. Bd3 b6 7. O-O Bb7 8. Bb2 c5 9. cxd5 Bxd5 10. Nc3 Bb7 11. dxc5 Bxc5 12. e4 Nbd7 13. Qe2 Qb8 14. Na4 Bd6 15. Rad1 Ne5 16. Nxe5 Bxe5 17. g3 Bxb2 18. Nxb2 Rd8 19. Nc4 Qc7 20. e5 Qc6 21. f3 Nd5 22. Rc1 Rac8 23. Nd6 Qxc1 24. Rxc1 Rxc1+ 25. Kf2 Nb4 26. Qd2 Nxd3+ 27. Qxd3 Rc5 28. b4 Rc7 29. Qd4 Bd5 30. Qf4 Rc2+ 31. Ke1 Rf8 32. Qg5 Bxf3 33. Qe7 Rxa2 34. b5 Rxh2 35. Qxa7 Ra8 36. Qxf7+ Kh8 37. Qxf3 Ra1+ 38. Qd1 Rh1+ 0-1

[Event "10th Iberoamericano-ch 2024"]
[Site "Linares"]
[Date "2024.09.27"]
[Round "4.33"]
[White "Blanco Acevedo, Cristobal Jose"]
[Black "Galvan Cipriani, Viviana"]
[Result "1-0"]
[ECO "B32"]
[WhiteElo "2301"]
[BlackElo "2141"]
[Annotator "RC"]
[PlyCount "85"]
[EventDate "2024.09.25"]
[EventType "swiss"]
[EventCountry "ESP"]
[SourceTitle "playchess.com"]
[Source "ChessBase"]
[SourceQuality "1"]
[TimeControl "5400+30"]

1. e4 c5 2. Nf3 Nc6 3. d4 cxd4 4. Nxd4 e5 5. Nb5 d6 6. c4 Be6 7. N1c3 a6 8. Na3 g6 9. Nc2 Bg7 10. Be3 Nf6 11. Be2 O-O 12. f3 Rc8 13. Nd5 Nh5 14. Qd2 Bxd5 15. cxd5 Nd4 16. Bd3 Qb6 17. O-O-O Nf4 18. Kb1 Nh5 19. g4 Nf6 20. h4 h5 21. Rhg1 Rfe8 22. Qf2 hxg4 23. fxg4 Qa5 24. h5 Nxc2 25. Bxc2 Rc4 26. h6 Bh8 27. h7+ Nxh7 28. Rh1 Qc7 29. Bd3 Rb4 30. g5 Bg7 31. Rh2 f6 32. Rxh7 Kxh7 33. gxf6 Rf8 34. Qh4+ Kg8 35. fxg7 Qxg7 36. Rh1 Rf3 37. Bh6 Qc7 38. Bd2 Rxb2+ 39. Kxb2 Qb6+ 40. Kc2 Qc5+ 41. Kd1 Kf8 42. Qh8+ Ke7 43. Bg5+ 1-0

[Event "10th Iberoamericano-ch 2024"]
[Site "Linares"]
[Date "2024.09.27"]
[Round "4.34"]
[White "Romero Calduch, Sergio"]
[Black "Barrenechea Bahamonde, Gustavo"]
[Result "1/2-1/2"]
[ECO "D30"]
[WhiteElo "2276"]
[BlackElo "2093"]
[Annotator "RC"]
[PlyCount "73"]
[EventDate "2024.09.25"]
[EventType "swiss"]
[EventCountry "ESP"]
[SourceTitle "playchess.com"]
[Source "ChessBase"]
[SourceQuality "1"]
[TimeControl "5400+30"]

1. d4 d5 2. c4 e6 3. Nf3 c5 4. cxd5 exd5 5. g3 Nc6 6. Bg2 Nf6 7. O-O Be7 8. dxc5 Bxc5 9. a3 a5 10. Qc2 Bb6 11. Nc3 h6 12. Nb5 O-O 13. Bf4 Ne4 14. Qd3 Nc5 15. Qd1 Ne6 16. Bd6 Re8 17. e3 d4 18. e4 Nc5 19. e5 d3 20. Rc1 d2 21. Rxc5 Bxc5 22. Bxc5 Bg4 23. Nd6 Rxe5 24. Nxf7 Kxf7 25. Nxe5+ Nxe5 26. Qb3+ Kf6 27. f3 Be6 28. Qa4 Nc4 29. Rd1 Qd5 30. Bf2 Rd8 31. Qc2 Qd3 32. Qxd3 Rxd3 33. Bf1 Nxb2 34. Bxd3 Nxd1 35. Bd4+ Ke7 36. Bc2 a4 37. Bxa4 1/2-1/2

[Event "10th Iberoamericano-ch 2024"]
[Site "Linares"]
[Date "2024.09.27"]
[Round "4.35"]
[White "Iglesias Ferreira, Andres"]
[Black "Dias, Ivo Rodrigues"]
[Result "1-0"]
[ECO "B53"]
[WhiteElo "2285"]
[BlackElo "2077"]
[Annotator "RC"]
[PlyCount "71"]
[EventDate "2024.09.25"]
[EventType "swiss"]
[EventCountry "ESP"]
[SourceTitle "playchess.com"]
[Source "ChessBase"]
[SourceQuality "1"]
[TimeControl "5400+30"]

1. e4 c5 2. Nf3 d6 3. d4 cxd4 4. Qxd4 Nc6 5. Qe3 Nf6 6. Nc3 e5 7. Bc4 Be7 8. h3 Be6 9. Qe2 O-O 10. Bg5 Rc8 11. Bxf6 Bxf6 12. Bb3 Nd4 13. Nxd4 exd4 14. Nd5 Qa5+ 15. Qd2 Qxd2+ 16. Kxd2 Bxd5 17. Bxd5 Rc5 18. f4 b6 19. g4 g5 20. fxg5 Bxg5+ 21. Kd3 Bh4 22. Raf1 Kg7 23. Rf5 h6 24. Rhf1 f6 25. R1f3 Bg5 26. Rf2 Be3 27. Rf1 Bg5 28. Bb3 Rfc8 29. Kxd4 b5 30. Rd5 R8c6 31. c3 a5 32. a3 b4 33. axb4 axb4 34. cxb4 Rc1 35. b5 Rb6 36. Rxg5+ 1-0

[Event "10th Iberoamericano-ch 2024"]
[Site "Linares"]
[Date "2024.09.27"]
[Round "4.37"]
[White "Portero Rubio, Martin"]
[Black "Cabezas Solano, David Alejandro"]
[Result "0-1"]
[ECO "B94"]
[WhiteElo "2043"]
[BlackElo "2248"]
[Annotator "RC"]
[PlyCount "208"]
[EventDate "2024.09.25"]
[EventType "swiss"]
[EventCountry "ESP"]
[SourceTitle "playchess.com"]
[Source "ChessBase"]
[SourceQuality "1"]
[TimeControl "5400+30"]

1. e4 c5 2. Nf3 d6 3. d4 cxd4 4. Nxd4 Nf6 5. Nc3 a6 6. Bg5 Nbd7 7. Bc4 e6 8. Qe2 b5 9. Bb3 Nc5 10. O-O-O Qc7 11. Rhe1 Bd7 12. Nd5 exd5 13. exd5+ Kd8 14. Qf3 Kc8 15. Bxf6 gxf6 16. Qxf6 Kb7 17. f4 Rg8 18. g3 Bg7 19. Qxf7 Raf8 20. Qh5 Bg4 21. Qxg4 Bxd4 22. Qh5 Rc8 23. Re2 Bf6 24. Kb1 Rg7 25. g4 Re7 26. g5 Bh8 27. Rde1 Rxe2 28. Qxe2 Rf8 29. Qe3 Qd7 30. h4 a5 31. c3 Qf5+ 32. Bc2 Qxf4 33. Qe7+ Kb8 34. Bxh7 Be5 35. g6 Qf5+ 36. Ka1 Qf2 37. Rb1 Qf6 38. Qxf6 Bxf6 39. Rf1 Bg7 40. Rxf8+ Bxf8 41. Kb1 Nd7 42. Kc2 Ne5 43. h5 Bh6 44. b3 Kc7 45. Bg8 Ng4 46. Bf7 Nf6 47. b4 axb4 48. cxb4 Nxh5 49. Kb3 Nf4 50. a4 bxa4+ 51. Kxa4 Kb6 52. Kb3 Nd3 53. Kc3 Nc1 54. Be8 Bg7+ 55. Kd2 Na2 56. b5 Nb4 57. Bc6 Kc5 58. Ke3 Nxd5+ 59. Ke4 Nc3+ 60. Kf5 Nxb5 61. Bg2 Nd4+ 62. Ke4 Ne6 63. Kf5 Nf8 64. Bf3 Kb6 65. Bg2 Kc7 66. Bd5 Kd7 67. Bc4 Kc6 68. Be2 d5 69. Bf3 Kc5 70. Bxd5 Kxd5 71. Kf4 Nxg6+ 72. Kf5 Ne7+ 73. Kf4 Bh6+ 74. Kf3 Kd4 75. Kg4 Ke4 76. Kg3 Bf4+ 77. Kf2 Nf5 78. Kg2 Ke3 79. Kh3 Nd4 80. Kg2 Nf3 81. Kh3 Ke4 82. Kg2 Ng5 83. Kf2 Kd3 84. Kg2 Ke2 85. Kh1 Ne4 86. Kg2 Nf2 87. Kg1 Kf3 88. Kf1 Bh2 89. Ke1 Ne4 90. Kd1 Ke3 91. Kc2 Nd2 92. Kc3 Bd6 93. Kc2 Bb4 94. Kd1 Nb3 95. Kc2 Nd4+ 96. Kd1 Kd3 97. Kc1 Ke2 98. Kb2 Kd2 99. Kb1 Ba3 100. Ka2 Bc1 101. Kb1 Kd1 102. Ka2 Kc2 103. Ka1 Nb5 104. Ka2 Nc3+ 0-1

[Event "10th Iberoamericano-ch 2024"]
[Site "Linares"]
[Date "2024.09.27"]
[Round "4.38"]
[White "Bendayan Claros, Aaron"]
[Black "Zapata Campos, Lidia Karen"]
[Result "1-0"]
[ECO "D37"]
[WhiteElo "2200"]
[BlackElo "2029"]
[Annotator "RC"]
[PlyCount "63"]
[EventDate "2024.09.25"]
[EventType "swiss"]
[EventCountry "ESP"]
[SourceTitle "playchess.com"]
[Source "ChessBase"]
[SourceQuality "1"]
[TimeControl "5400+30"]

1. d4 Nf6 2. c4 e6 3. Nc3 d5 4. Nf3 Nbd7 5. Qc2 c6 6. e4 Bb4 7. e5 Ne4 8. cxd5 exd5 9. Bd3 Qa5 10. Bxe4 dxe4 11. Ng5 O-O 12. O-O Bxc3 13. bxc3 f6 14. Qb3+ Qd5 15. Ne6 fxe5 16. Nxf8 Kxf8 17. f3 e3 18. Bxe3 exd4 19. Bxd4 Qxb3 20. axb3 c5 21. Bf2 b6 22. b4 cxb4 23. cxb4 a5 24. bxa5 bxa5 25. Ra4 Ne5 26. Rfa1 Nc6 27. Bb6 Rb8 28. Bxa5 Rb2 29. Bc3 Rb3 30. Rf4+ Kg8 31. Ra8 Ne7 32. Rc4 1-0

[Event "10th Iberoamericano-ch 2024"]
[Site "Linares"]
[Date "2024.09.27"]
[Round "4.39"]
[White "Diaz Mino, Daniel"]
[Black "Guillo Longares, Cecilia"]
[Result "1-0"]
[ECO "B31"]
[WhiteElo "2130"]
[BlackElo "2036"]
[Annotator "RC"]
[PlyCount "65"]
[EventDate "2024.09.25"]
[EventType "swiss"]
[EventCountry "ESP"]
[SourceTitle "playchess.com"]
[Source "ChessBase"]
[SourceQuality "1"]
[TimeControl "5400+30"]

1. e4 c5 2. Nf3 Nc6 3. Bb5 g6 4. Bxc6 dxc6 5. d3 Bg7 6. h3 Nf6 7. Nc3 Nd7 8. Be3 e5 9. Qd2 h6 10. O-O b6 11. Nh2 Nf8 12. f4 exf4 13. Bxf4 Ne6 14. Be3 Nd4 15. Rae1 Be6 16. e5 Nf5 17. Bf2 Qc7 18. Nf3 O-O-O 19. a3 Bd5 20. Ne4 Bxe5 21. Nxe5 Qxe5 22. Nxc5 Qxb2 23. Na4 Qf6 24. c4 Bxc4 25. Bxb6 Bb5 26. Bxa7 Bxa4 27. Qf4 Rd4 28. Qb8+ Kd7 29. Qb7+ Kd6 30. Bb6 Rxd3 31. Qc7+ Kd5 32. Qd7+ Qd6 33. Qxf7+ 1-0

[Event "10th Iberoamericano-ch 2024"]
[Site "Linares"]
[Date "2024.09.27"]
[Round "4.40"]
[White "Santos, Jose Miguel Sereno"]
[Black "Donate Moreno, Silvia"]
[Result "0-1"]
[ECO "C02"]
[WhiteElo "1894"]
[BlackElo "2126"]
[Annotator "RC"]
[PlyCount "90"]
[EventDate "2024.09.25"]
[EventType "swiss"]
[EventCountry "ESP"]
[SourceTitle "playchess.com"]
[Source "ChessBase"]
[SourceQuality "1"]
[TimeControl "5400+30"]

1. e4 e6 2. d4 d5 3. e5 c5 4. c3 Nc6 5. Nf3 Bd7 6. Be2 cxd4 7. cxd4 Nge7 8. Nc3 Nf5 9. a3 Rc8 10. h4 Be7 11. h5 a6 12. Na4 b5 13. Nc3 Qb6 14. Kf1 Qa7 15. Be3 f6 16. exf6 Bxf6 17. g4 Nxe3+ 18. fxe3 O-O 19. Kg2 Na5 20. Qd3 Be8 21. Rac1 Nc4 22. b3 Nd6 23. Rhf1 Bc6 24. g5 Be7 25. g6 Bf6 26. gxh7+ Kh8 27. Nd1 Nf5 28. Nf2 Qb8 29. Nh1 Qd6 30. b4 Kxh7 31. Kf2 Kh8 32. Ke1 Qe7 33. Kd2 Nd6 34. Nf2 Nc4+ 35. Kc2 a5 36. Kb3 e5 37. dxe5 Bxe5 38. Ng4 Bb2 39. Rb1 Bxa3 40. Ka2 Bxb4 41. h6 g5 42. Qg6 Bc3 43. Bxc4 Be8 44. Qxg5 Qe4 45. Bb3 a4 0-1